 Dungeon Crawl Stone Soup version 0.29-a0-362-g5854e031c7 (webtiles) character file.

Game seed: 2295301331721181993

839 oldriver the Skirmisher (level 7, -2/63 HPs)
             Began as a Palentonga Abyssal Knight on Apr 29, 2022.
             Was a Priest of Lugonu.
             Slain by a black bear (10 damage)
             ... on level 4 of the Dungeon.
             The game lasted 00:04:49 (4396 turns).

oldriver the Skirmisher (Palentonga Abyssal Knight) Turns: 4396, Time: 00:04:49

Health: -2/63      AC: 13    Str: 18    XL:     7   Next: 67%
Magic:  8/8        EV:  9    Int: 11    God:    Lugonu [***...]
Gold:   265        SH:  0    Dex: 10    Spells: 6/6 levels left

rFire   . . .      SeeInvis +   a - +1 hand axe
rCold   . . .      Faith    .   (no shield)
rNeg    . . .      Spirit   .   g - +2 robe {Archmagi}
rPois   .          Reflect  .   (no helmet)
rElec   .          Harm     .   (no cloak)
rCorr   .          Rampage  .   (no gloves)
Will    .....      Archmagi +   (no barding)
Stlth   +......... Rage     1%  (no amulet)
HPRegen 0.20/turn               (no ring)
MPRegen 0.11/turn               (no ring)

@: studying Armour, curled up, unable to read
A: large, rugged brown scales 3, see invisible, deformed body, roll 1, armoured
tail, reflexive curl, stinger 1, berserk 1, inability to read while threatened
a: Rolling Charge, Renounce Religion, Depart the Abyss, Bend Space, Banish


You were on level 4 of the Dungeon.
You worshipped Lugonu.
Lugonu was most pleased with you.
You visited 1 branch of the dungeon, and saw 4 of its levels.
You visited the Abyss 1 time.

You collected 265 gold pieces.

Inventory:

Hand Weapons
 a - a +1 hand axe (weapon)
 d - a +1 whip of venom
Armour
 g - a +2 robe of the Archmagi (worn)
Scrolls
 b - a scroll of torment {unknown}
 c - a scroll of immolation
 f - 3 scrolls of identify
 i - a scroll of teleportation
Potions
 e - a potion of curing {unknown}
 h - a potion of heal wounds {unknown}


   Skills:
 * Level 6.5 Fighting
 * Level 6.0 Axes
 + Level 3.1 Armour
 - Level 1.0 Dodging
 - Level 2.2 Invocations


You had 6 spell levels left.
You didn't know any spells.
Your spell library contained the following spells:

 Spells                   Type           Power      Damage    Failure   Level
 Gell's Gravitas          Tloc           0%         N/A       71%         3
 Teleport Other           Tloc           0%         N/A       71%         3
 Dispersal                Tloc           0%         N/A       100%        6


Dungeon Overview and Level Annotations

Branches:
Dungeon (4/15)             Temple (0/1) D:4

Altars:
Cheibriados
Fedhas
Hepliaklqana
Okawaru
Qazlal
Trog


Innate Abilities, Weirdness & Mutations

You are completely covered in rugged brown scales. (AC +3, +7% HP)
You have supernaturally acute eyesight. (SInv)
Armour fits poorly on your strangely shaped body.
You can roll at nearby foes to attack.
You have a long armoured tail.
You curl defensively after being hit. (AC +7*)
Your tail ends in a venomous barb.
You tend to lose your temper in combat.
You sometimes lose the ability to read scrolls when taking damage.


Message History

The black bear is almost dead.
The black bear bites you!
You feel threatened and lose the ability to read scrolls!
The black bear barely misses you.
The black bear claws you but does no damage.
Unknown command.
You completely miss the black bear.
The black bear is almost dead.
The black bear barely misses you.
The black bear claws you but does no damage.
The black bear claws you.
The black bear bites you but does no damage.
The black bear claws you but does no damage.
The black bear barely misses you.
The kobold hits you with a +0 short sword.
The black bear bites you but does no damage.
The black bear claws you but does no damage. x2
The black bear looks more healthy.
The black bear bites you but does no damage.
The black bear claws you. x2
The black bear bites you but does no damage.
The black bear claws you but does no damage. x2
The black bear attacks as you move away!
The black bear barely misses you. The black bear claws you.
The black bear claws you but does no damage.
The black bear bites you.
* * * LOW HITPOINT WARNING * * *
The black bear claws you but does no damage. x2
The black bear attacks as you move away!
The black bear barely misses you. The black bear claws you.
* * * LOW HITPOINT WARNING * * *
The black bear claws you.
* * * LOW HITPOINT WARNING * * *
You are too injured to fight recklessly!
You are too injured to fight recklessly!
Unknown command.
You hit the black bear.
The black bear is almost dead.
The black bear bites you!
You die...

###################.....####
#...................##
#.#################.##
#.###### #.##
#......############.#.
#................##.#.
#.....(#########.##.#.
#......# #.........#.
##.Kh@.####.####.####.
#................# #.
###.#########.###..# ##
#...#...........#..#
#.#.#.#######.#.#..#
#.....#.# ..#.#..# #.....#.#
#### #..# #.P_P.#.# #..#
#...P.#.###########..#


You could see a black bear (berserk) and a kobold.

Vanquished Creatures
  Sigmund (D:3)
  An ice beast (D:4)
  Pargi (D:3)
  A black bear (D:4)
  An ogre (D:4)
  A necrophage (D:4)
  A hound (D:4)
  An orc priest (D:3)
  An iguana (D:2)
  An orc wizard (D:3)
  Robin (D:3)
  3 adders
  3 worms
  3 dart slugs
  2 orcs (D:3)
  6 bats
  8 endoplasms
  2 giant cockroaches
  13 goblins
  15 hobgoblins
  8 jackals
  2 quokkas (D:4)
  9 ball pythons
  6 frilled lizards
  7 kobolds
  2 rats
100 creatures vanquished.

Vanquished Creatures (others)
  2 plants (D:4)
2 creatures vanquished.

Grand Total: 102 creatures vanquished

Notes
Turn   | Place    | Note
-------+----------+-------------------------------------------
     0 | Abyss:1  | oldriver the Palentonga Abyssal Knight began the quest for
                  | the Orb.
     0 | Abyss:1  | Reached XP level 1. HP: 19/19 MP: 2/2
    38 | Abyss:1  | Noticed a large abomination
    40 | D:1      | Escaped the Abyss
   211 | D:1      | Reached skill level 1 in Dodging
   213 | D:1      | Reached XP level 2. HP: 20/25 MP: 3/3
   769 | D:1      | Reached XP level 3. HP: 3/31 MP: 4/4
  1299 | D:1      | Found a faded altar of an unknown god.
  1423 | D:2      | Reached *** piety under Lugonu
  1424 | D:2      | Reached XP level 4. HP: 35/39 MP: 5/5
  2105 | D:3      | Found an iron altar of Okawaru.
  2271 | D:3      | Noticed Sigmund
  2278 | D:3      | Gained mutation: You tend to lose your temper in combat.
                  | [potion of mutation]
  2278 | D:3      | Gained mutation: You sometimes lose the ability to read
                  | scrolls when taking damage. [potion of mutation]
  2278 | D:3      | Gained mutation: Your tail ends in a venomous barb. [potion
                  | of mutation]
  2292 | D:3      | Killed Sigmund
  2293 | D:3      | Reached skill level 5 in Fighting
  2293 | D:3      | Reached XP level 5. HP: 36/47 MP: 6/6
  2293 | D:3      | Reached XP level 6. HP: 41/54 MP: 7/7
  2420 | D:3      | Noticed Pargi
  2438 | D:3      | Killed Pargi
  2439 | D:3      | Reached skill level 5 in Axes
  2520 | D:3      | Noticed Robin
  2531 | D:3      | Killed Robin
  2757 | D:3      | Identified a scroll of acquirement
  2757 | D:3      | Acquired a manual of Armour
  2941 | D:3      | Found a snail-covered altar of Cheibriados.
  3116 | D:3      | Found a hazy altar of Hepliaklqana.
  3147 | D:3      | Found a stormy altar of Qazlal.
  3288 | D:4      | Found a blossoming altar of Fedhas.
  3302 | D:4      | Found a staircase to the Ecumenical Temple.
  3374 | D:4      | HP: 1/55 [ogre/+0 giant club (4)]
  3377 | D:4      | Gained mutation: You curl defensively after being hit. (AC
                  | +7*) [Palentonga growth]
  3377 | D:4      | Reached XP level 7. HP: 2/60 MP: 8/8
  4375 | D:4      | Found a bloodstained altar of Trog.
  4396 | D:4      | Slain by a black bear

Illustrated notes

Levels and vault maps discovered:
D:1:      matt_arrival_diagonals, layout_basic,
          shapermc_ecumenical_altar_pompeii
D:2:      layout_basic
D:3:      layout_basic, cheibrodos_worm_habitat, amcnicky_altar_gilded,
          mainiacjoe_overflow_two_lobes, uniq_robin, uniq_pargi, uniq_sigmund
D:4:      layout_basic, trog_ov_bears_minmay, fedhas_altar_1,
          minmay_temple_entry_slanted

Skill      XL: |  1  2  3  4  5  6  7 |
---------------+----------------------+-----
Dodging        | 1 |  1.0
Axes           | 3 4 5 6 |  6.0
Fighting       | 5 6 |  6.5
Armour         | 2 3 |  3.1
Invocations    | |  2.2

Action                   |  1- 3 |  4- 6 |  7- 9 || total
-------------------------+-------+-------+-------++-------
Melee: Hand axe          |    91 |   130 |    54 ||   275
       Tailslap          |    10 |    17 |    10 ||    37
       Punch             |       |     3 |     1 ||     4
Invok: Depart the Abyss  |     1 |       |       ||     1
       Bend Space        |     1 |       |       ||     1
 Abil: Rolling Charge    |    22 |    16 |     6 ||    44
  Use: Potion            |       |     3 |       ||     3
       Scroll            |       |     9 |       ||     9
Armor: Leather armour    |    31 |    27 |       ||    58
       Robe              |       |    28 |    39 ||    67
Dodge: Dodged            |    42 |    48 |    33 ||   123

Table legend: (Time is in decaauts)
 A = Elapsed time spent in this place.
 B = Non-inter-level travel time spent in this place.
 C = Inter-level travel time spent in this place.
 D = Time resting spent in this place.
 E = Time spent auto-exploring this place.
 F = Levels seen in this place.
 G = Mean time per level.
                   A        B        C        D        E       F      G
               +--------+--------+--------+--------+--------+-----+--------+
         Total |   4450 |   4314 |    136 |    958 |   2661 |   5 |  890.0 |
       Dungeon |   4410 |   4274 |    136 |    958 |   2661 |   4 | 1102.5 |
         Abyss |     40 |     40 |      0 |      0 |      0 |   1 |   40.0 |
               +--------+--------+--------+--------+--------+-----+--------+

Top non-repeatable levels by time:
     D:1: 1294 daAuts
     D:3: 1201 daAuts
     D:4: 1141 daAuts
     D:2: 772 daAuts
 Abyss:1: 40 daAuts
